 Dungeon Crawl Stone Soup version 0.17-a0-1129-g5854844 (webtiles) character file.

88217 HEYYEYAAE the Blocker (level 15, -1/106 HPs)
             Began as an Octopode Fighter on May 24, 2015.
             Was an Initiate of Gozag.
             Killed from afar by a swamp dragon (17 damage)
             ... with a blast of poison
             ... on level 1 of the Swamp.
             The game lasted 01:16:30 (26669 turns).

HEYYEYAAE the Blocker (Octopode Fighter)           Turns: 26669, Time: 01:16:31

Health: -1/106     AC:  8    Str: 23 (25) XL:     15   Next: 93%
Magic:  19/19      EV: 22    Int: 19 (20) God:    Gozag
Gold:   3813       SH: 16    Dex: 15 (17) Spells: 1 memorised, 10 levels left

rFire  + . .     SeeInvis .     q - +2 broad axe (flame)
rCold  + . .     Rnd*Rage +     T - +0 shield "Hofed" {Regen+} (curse)
rNeg   + . .     SustAt   .     (helmet restricted)
rPois  .         Gourm    .     L - amulet of rage
rElec  .         Spirit   .     e - +4 ring of dexterity
rCorr  .         Warding  .     I - +5 ring of strength
rMut   .         Stasis   .     u - ring of protection from cold
MR     +++++                    y - ring of the Mage {Wiz MR++ Int+3}
Stlth  ++........               m - ring of protection from fire
                                C - ring of protection from magic
                                w - ring of Ilosylun {*Confuse rN+ MR+ Int+4}
                                J - +5 ring of protection

@: lethally poisoned (-1 -> -15), almost entirely resistant to hostile
enchantments, unstealthy
A: almost no armour, amphibious, 8 rings, constrict 8, tentacle spike 1, large
bone plates 1, camouflage 1, berserk 1, clever 1, deterioration 1, magic
resistance 1, regeneration 2, gelatinous body 1
a: Potion Petition, Call Merchant, Bribe Branch, Renounce Religion, Evoke
Berserk Rage


You were on level 1 of the Swamp.
You worshipped Gozag.
Gozag was noncommittal.
You were not hungry.

You visited 5 branches of the dungeon, and saw 28 of its levels.
You also visited: Volcano.

You collected 8878 gold pieces.
You spent 3465 gold pieces at shops.
You paid 1600 gold pieces to Gozag.

Inventory:

Hand weapons
 b - a +2 hand axe of freezing
 q - a +2 broad axe of flaming (weapon)
 O - a +5 war axe of chopping
 R - a +1 hand axe of venom
Armour
 T - the cursed +0 shield "Hofed" (worn) {Regen+}
   (You found it on level 14 of the Dungeon)

   It increases your rate of regeneration.
   It has a curse placed upon it.
Jewellery
 e - a +4 ring of dexterity (left tentacle)
 m - a ring of protection from fire (on tentacle)
 u - a ring of protection from cold (on tentacle)
 v - an uncursed ring of flight
 w - the ring of Ilosylun (on tentacle) {*Confuse rN+ MR+ Int+4}
   (You bought it in a shop on level 4 of the Orcish Mines)

   [ring of positive energy]

   It affects your intelligence (+4).
   It protects you from negative energy.
   It affects your resistance to hostile enchantments.
   It may confuse you when you take damage.
 y - the ring of the Mage (on tentacle) {Wiz MR++ Int+3}
   (You found it on level 10 of the Dungeon)

   [ring of wizardry]

   It improves your spell success rate.
   It affects your intelligence (+3).
   It affects your resistance to hostile enchantments.
 C - a ring of protection from magic (on tentacle)
 I - a +5 ring of strength (right tentacle)
 J - a +5 ring of protection (on tentacle)
 L - an amulet of rage (around mantle)
 V - the amulet of Roovomey {rCorr MR+ Str+3 Dex+4}
   (You bought it in a shop on level 13 of the Dungeon)

   [amulet of resist corrosion]

   It protects you from acid and corrosion.
   It affects your strength (+3).
   It affects your dexterity (+4).
   It affects your resistance to hostile enchantments.
 W - an uncursed amulet of clarity {unknown}
 Y - an uncursed ring of stealth
Magical devices
 f - a wand of paralysis (0)
 g - a wand of digging (13)
 j - a wand of random effects (8)
 k - a wand of digging (16)
 o - a wand of heal wounds (3)
 x - a wand of enslavement (8)
 A - a wand of confusion (0)
 H - a wand of digging (0)
 K - a wand of slowing (25)
 X - a wand of enslavement (5)
Scrolls
 c - 3 scrolls of amnesia
 i - 4 scrolls of enchant armour
 l - 10 scrolls of magic mapping
 r - 2 scrolls of fog
 s - 14 scrolls of remove curse
 F - 2 scrolls of recharging
 P - 3 scrolls of teleportation
Potions
 a - 2 potions of berserk rage
 h - 3 potions of brilliance
 p - 4 potions of magic
 t - 2 potions of agility
 z - 4 potions of cure mutation
 D - a potion of cancellation
 E - 2 potions of resistance
 N - a potion of lignification {unknown}
 S - a potion of curing
 U - a potion of heal wounds
 Z - 2 potions of ambrosia
Books
 B - a book of Conjurations

   Spells                             Type                      Level
   a - Magic Dart                     Conjuration                  1
   b - Searing Ray                    Conjuration                  2
   c - Dazzling Spray                 Conjuration/Hexes            3
   d - Fulminant Prism                Conjuration/Hexes            4
   e - Iskenderun's Mystic Blast      Conjuration                  4
   f - Iskenderun's Battlesphere      Conjuration/Charms           5
Miscellaneous
 G - a fan of gales
Comestibles
 d - 17 bread rations
 n - 18 fruits
 M - a meat ration


   Skills:
 + Level 11.1 Fighting
 + Level 10.7 Axes
 * Level 14.6 Dodging
 * Level 14.9 Shields
 - Level 10.1 Summonings
 + Level 5.3 Evocations


You had 10 spell levels left.
You knew the following spells:

 Your Spells              Type           Power        Failure   Level  Hunger
a - Summon Ice Beast      Ice/Summ       ###.....     12%         4    #####..


Dungeon Overview and Level Annotations

Branches:
Dungeon (14/15)            Temple (1/1) D:5            Lair (8/8) D:11
  Swamp (1/4) Lair:4       Spider (0/4) Lair:6        Slime (0/6) Lair:8
    Orc (4/4) D:10            Elf (0/3) Orc:3        Vaults (0/5) D:14

Altars:
Ashenzari
Cheibriados
Dithmenos
Elyvilon
Fedhas
Gozag
Kikubaaqudgha
Makhleb
Nemelex Xobeh
Okawaru
Qazlal
Ru
Sif Muna
Trog
Vehumet
Xom
Yredelemnul
Zin
The Shining One
Beogh

Shops:
D:5 !   D:10 *   D:12 (:   D:13 ==   Orc:3 [:=*:   Orc:4 [(*=

Annotations:
D:8 Erolcha


Innate Abilities, Weirdness & Mutations

You cannot wear most types of armour.
You are amphibious.
You can wear up to eight rings at the same time.
You can use your tentacles to constrict eight enemies at once.
Your skin changes colour to match your surroundings (Stealth).
Your rubbery body absorbs attacks (AC +1).
One of your tentacles bears a spike.
You are partially covered in large bone plates (AC +2, SH +2).
You tend to lose your temper in combat.
Your mind is acute. (Int +2)
Your body sometimes deteriorates upon taking damage.
You are resistant to hostile enchantments.
You heal very quickly.


Message History

You are poisoned.
You feel sick.
The swamp dragon breathes poison at you.
The blast of poison engulfs you!
You are more poisoned.
* * * LOW HITPOINT WARNING * * *
Your body deteriorates!
You feel clumsy.
You barely miss the swamp dragon.
You pierce the swamp dragon, but do no damage.
The swamp dragon is almost dead.
You are engulfed in poison gas.
You are more poisoned.
* * * LOW HITPOINT WARNING * * *
You feel very sick. You block the swamp dragon's attack. x3
The swamp dragon breathes poison at you.
The blast of poison engulfs you!
You are more poisoned.
You die...
Your body crumbles into a pile of gold.

≈..≈≈≈≈≈≈.≈♣♣♣..≈≈≈.....
.≈.≈≈≈≈≈..♣♣♣≈.≈≈≈......
≈♣≈.≈≈≈≈.♣♣♣.≈≈≈≈≈....#
♣...≈≈..♣♣ .≈≈≈≈?....
♣...§>.♣♣ .≈≈≈.#.###.
♣♣.≈≈≈.♣ ♣..........
♣≈.≈≈≈♣♣ ♣♣ ♣.♣§§§.....
♣≈.≈≈≈♣♣♣≈♣♣♣♣≈§§§§.....
♣♣♣♣.....≈.♣♣.§≈@D§.#.#.
♣.....≈.♣♣♣♣≈§§§§##.#
♣♣.≈§..♣♣♣♣♣...§§....
♣♣.....≈≈§♣♣.≈.........
♣≈.≈.♣♣....♣♣...≈......
♣♣.≈♣♣♣♣♣≈.♣.≈≈..≈≈.≈.≈
♣♣♣≈≈..♣≈..≈.≈≈....≈≈.≈P
♣..≈..≈.≈......≈≈≈≈)....
.........♣.≈...≈.≈≈..§.


You could see a swamp dragon.

Vanquished Creatures
  Rupert (Orc:3)
  An orc warlord (Orc:4)
  Nessos (Lair:7)
  Snorg (Orc:3)
  A vault guard (D:14)
  6 hydras
  Harold (Orc:2)
  2 catoblepae (Lair:8)
  A centaur warrior (D:13)
  An ogre mage (D:14)
  4 death yaks (Lair:8)
  3 orc high priests (Orc:4)
  2 alligators (Swamp:1)
  A deep troll shaman (Lair:8)
  Sonja (D:13)
  A fire crab (Lair:8)
  2 unseen horrors
  5 hill giants
  6 orc knights
  2 lindwurms
  An oklob plant (Orc:1)
  3 orc sorcerers
  2 griffons
  3 ugly things
  4 cyclopes
  4 black mambas
  2 torpor snails
  3 elephants (Lair:8)
  Psyche (D:8)
  An orange demon (Orc:4)
  18 spiny frogs
  5 kobold demonologists (D:13)
  4 komodo dragons
  10 trolls
  A freezing wraith (D:14)
  A giant leech (Swamp:1)
  3 polar bears
  6 fire drakes
  A queen bee (D:11)
  2 two-headed ogres
  2 boulder beetles
  20 blink frogs
  7 slime creatures
  A shadow (D:11)
  A hog (shapeshifter) (D:14)
  2 hungry ghosts
  3 deep elf magi
  54 yaks
  2 deep elf fighters (Volcano)
  3 wyverns
  7 vampire mosquitoes
  3 basilisks
  9 wolves
  8 hippogriffs
  A swamp worm (Swamp:1)
  26 orc warriors
  13 porcupines
  3 wargs
  10 water moccasins
  2 wasps
  A swamp drake (Swamp:1)
  12 ogres
  A phantom (D:8)
  The ghost of WhatIsLove the Skirmisher, an average FoAK of Lugonu (D:5)
  3 necrophages
  8 ice beasts
  3 black bears
  12 centaurs
  3 big kobolds
  6 sky beasts
  Blork the orc (D:5)
  16 crocodiles
  8 scorpions
  20 giant frogs
  7 wights (D:14)
  30 killer bees
  3 quasits
  2 electric eels
  A giant frog zombie (D:12)
  2 lava snakes (Lair:2)
  7 crimson imps
  Ijyb (D:3)
  14 iguanas
  37 jellies
  5 hell rats (Lair:6)
  7 hounds
  21 orc priests
  Jessica (D:3)
  4 centaur skeletons
  Natasha (thrice) (D:2)
  23 orc wizards
  14 worker ants
  12 sheep
  2 killer bee zombies
  A hound zombie (D:8)
  Robin (D:2)
  6 gnolls
  71 river rats
  13 white imps
  5 adders
  5 shadow imps
  12 oozes
  An adder skeleton (D:9)
  2 adder zombies
  3 worms
  7 giant geckos
  171 orcs
  11 bats
  A bat skeleton (D:7)
  A bat zombie (D:6)
  20 goblins
  28 hobgoblins
  11 jackals
  8 quokkas
  A ball python (D:2)
  6 giant cockroaches
  3 giant newts
  39 kobolds
  A quokka skeleton (D:4)
  17 rats
  A bush (Lair:3)
  9 fungi
  8 plants
1049 creatures vanquished.

Vanquished Creatures (collateral kills)
  A hydra (Lair:6)
  A spiny frog (Lair:7)
  2 blink frogs (Lair:7)
  A fungus (Lair:7)
5 creatures vanquished.

Vanquished Creatures (others)
  A two-headed ogre (Volcano)
  9 ice beasts
  12 fungi
  7 plants
29 creatures vanquished.

Grand Total: 1083 creatures vanquished

Notes
Turn   | Place    | Note
--------------------------------------------------------------
     0 | D:1      | HEYYEYAAE the Octopode Fighter began the quest for the Orb.
     0 | D:1      | Reached XP level 1. HP: 16/16 MP: 1/1
   183 | D:1      | Reached XP level 2. HP: 14/21 MP: 2/2
   676 | D:2      | Noticed Robin
   678 | D:2      | Reached XP level 3. HP: 24/26 MP: 3/3
   813 | D:2      | Found a glowing golden altar of the Shining One.
  1255 | D:2      | Killed Robin
  1255 | D:2      | Reached XP level 4. HP: 9/32 MP: 4/4
  1426 | D:2      | Noticed Natasha
  1431 | D:2      | Killed Natasha
  1510 | D:2      | Gained mutation: Your mind is acute. (Int +2) [potion of beneficial mutation]
  1579 | D:2      | Found an iron altar of Okawaru.
  1581 | D:2      | Found a blossoming altar of Fedhas.
  1585 | D:2      | Found an ancient bone altar of Kikubaaqudgha.
  1585 | D:2      | Found a basalt altar of Yredelemnul.
  1585 | D:2      | Found a glowing golden altar of the Shining One.
  1586 | D:2      | Found a shattered altar of Ashenzari.
  1588 | D:2      | Found a glowing silver altar of Zin.
  1589 | D:2      | Found a radiant altar of Vehumet.
  1607 | D:2      | Noticed Natasha
  1617 | D:2      | Killed Natasha
  1770 | D:2      | Noticed Natasha
  1781 | D:2      | Killed Natasha
  1796 | D:3      | Reached XP level 5. HP: 37/37 MP: 5/5
  1854 | D:3      | Noticed Jessica
  1858 | D:3      | Killed Jessica
  1858 | D:3      | Reached skill level 4 in Dodging
  2546 | D:3      | Noticed Ijyb
  2558 | D:3      | Killed Ijyb
  2558 | D:3      | Reached XP level 6. HP: 29/43 MP: 6/6
  3485 | D:4      | Reached skill level 5 in Shields
  3485 | D:4      | Reached XP level 7. HP: 46/49 MP: 7/7
  3647 | D:4      | Reached skill level 5 in Dodging
  3719 | D:5      | Entered Level 5 of the Dungeon
  3721 | D:5      | Noticed WhatIsLove's ghost (average FoAK)
  3805 | D:5      | Noticed Blork the orc
  4131 | D:6      | Found a burning altar of Makhleb.
  4154 | D:6      | Lost mutation: Your mind is acute. (Int +2) [mutagenic meat]
  4155 | D:6      | Gained mutation: Your natural rate of healing is unusually fast. [mutagenic meat]
  4156 | D:6      | Gained mutation: You heal very quickly. [mutagenic meat]
  4157 | D:6      | Gained mutation: One of your tentacles bears a spike. [mutagenic meat]
  4158 | D:6      | Gained mutation: You tend to lose your temper in combat. [mutagenic meat]
  4367 | D:6      | Gained mutation: Your mind is acute. (Int +2) [mutagenic meat]
  4564 | D:6      | Reached XP level 8. HP: 54/54 MP: 8/8
  4617 | D:6      | Reached skill level 6 in Shields
  4706 | D:6      | Reached skill level 5 in Fighting
  4941 | D:6      | Gained mutation: Your muscles are strong. (Str +2) [mutagenic meat]
  4942 | D:6      | Gained mutation: Your body sometimes deteriorates upon taking damage. [mutagenic meat]
  4943 | D:6      | Gained mutation: You are partially covered in large bone plates (AC +2, SH +2). [mutagenic meat]
  4944 | D:6      | Lost mutation: Your muscles are strong. (Str +2) [mutagenic meat]
  5005 | D:5      | Found Xapeag's Distillery.
  5009 | D:5      | Bought a potion of cancellation for 88 gold pieces
  5009 | D:5      | Bought a potion of agility for 44 gold pieces
  5278 | D:7      | Found a radiant altar of Vehumet.
  5454 | D:7      | Reached skill level 5 in Axes
  5454 | D:7      | Reached skill level 7 in Shields
  5548 | D:7      | Reached XP level 9. HP: 45/59 MP: 9/9
  6141 | D:8      | Noticed Psyche
  6146 | D:8      | Killed Psyche
  6478 | D:8      | Reached skill level 8 in Shields
  6522 | D:8      | Found a shimmering altar of Xom.
  6778 | D:8      | Reached XP level 10. HP: 50/69 MP: 10/10
  7012 | D:8      | Noticed Erolcha
  7192 | D:8      | Reached skill level 9 in Dodging
  7785 | D:9      | Noticed a cyclops
  7800 | D:9      | Killed a cyclops
  7991 | D:9      | Found a bloodstained altar of Trog.
  7992 | D:9      | Found a deep blue altar of Sif Muna.
  8130 | D:10     | Entered Level 10 of the Dungeon
  8136 | D:10     | Found Vuisiceck's Assorted Antiques.
  8147 | D:10     | Learned a level 4 spell: Summon Ice Beast
  8174 | D:10     | Bought a scroll of recharging for 237 gold pieces
  8297 | D:10     | Reached skill level 1 in Summonings
  8297 | D:10     | Reached XP level 11. HP: 59/76 MP: 11/11
  8379 | D:10     | Found a staircase to the Orcish Mines.
  8516 | D:10     | Reached skill level 10 in Dodging
  8837 | D:10     | Reached skill level 10 in Shields
  9233 | D:5      | Found a staircase to the Ecumenical Temple.
  9258 | Temple   | Entered the Ecumenical Temple
  9412 | D:5      | Killed Blork the orc
  9501 | D:5      | Killed WhatIsLove's ghost
  9722 | Orc:1    | Entered Level 1 of the Orcish Mines
 11079 | Temple   | Became a worshipper of Gozag Ym Sagoz the Greedy
 11365 | Orc:2    | Found a bloodstained altar of Trog.
 11584 | Orc:3    | Found Vien's Assorted Antiques.
 11610 | Orc:3    | Found Ganu's Jewellery Shop.
 11619 | Orc:3    | Bought an uncursed ring of protection from magic for 325 gold pieces
 11682 | Orc:3    | Found a frozen archway.
 11703 | Orc:3    | Found Sigouj's Book Emporium.
 11724 | Orc:2    | Noticed Harold
 11845 | Orc:2    | Killed Harold
 12088 | Orc:3    | Found Qassac's Armour Emporium.
 12141 | Orc:3    | Noticed Snorg
 12154 | Orc:3    | Killed Snorg
 12254 | Orc:3    | Noticed Rupert
 12296 | Orc:3    | Killed Rupert
 12296 | Orc:3    | Reached skill level 11 in Dodging
 12296 | Orc:3    | Reached skill level 5 in Summonings
 12296 | Orc:3    | Reached XP level 12. HP: 81/84 MP: 12/12
 12387 | Orc:3    | Found Afal's Book Boutique.
 12610 | Orc:4    | Entered Level 4 of the Orcish Mines
 12614 | Orc:4    | Found a roughly hewn altar of Beogh.
 12705 | Orc:4    | Found Soathr Fuviwn's Antique Weapon Emporium.
 12705 | Orc:4    | Noticed an orc high priest
 12713 | Orc:4    | Killed an orc high priest
 12782 | Orc:4    | Bought a runed war axe for 126 gold pieces
 12831 | Orc:4    | Noticed an orc warlord
 12848 | Orc:3    | Noticed an orc knight
 12848 | Orc:3    | HP: 1/84 [orc knight/battleaxe (37)]
 13057 | Orc:4    | Found Urhoxt's Jewellery Shop.
 13057 | Orc:4    | Noticed an orc high priest
 13167 | Orc:4    | Killed an orc warlord
 13206 | Orc:4    | Found Pooga's General Store.
 13225 | Orc:4    | Noticed an orc high priest
 13228 | Orc:3    | Found a staircase to the Elven Halls.
 13400 | Orc:4    | Killed an orc high priest
 13450 | Orc:4    | Bought a potion of might for 48 gold pieces
 13450 | Orc:4    | Bought a scroll of fog for 24 gold pieces
 13464 | Orc:4    | Bought the ring of Ilosylun {*Confuse rN+ MR+ Int+4} for 424 gold pieces
 13464 | Orc:4    | Bought a +2 ring of protection for 120 gold pieces
 13511 | Orc:4    | Killed an orc high priest
 13657 | Orc:4    | Found Voigg's Antique Armour Shoppe.
 13686 | Orc:4    | Reached XP level 13. HP: 78/90 MP: 13/13
 13829 | Orc:4    | Found a roughly hewn altar of Beogh.
 14002 | Orc:3    | Killed an orc knight
 14014 | Orc:3    | Reached skill level 12 in Shields
 14341 | D:11     | Found a staircase to the Lair.
 15311 | D:12     | Found Rivainer's Weapon Shoppe.
 15572 | D:12     | Found Plog's Book Boutique.
 15652 | D:13     | Found Feypir's Jewellery Shoppe.
 15655 | D:13     | Bought a +5 ring of strength for 700 gold pieces
 15913 | D:13     | Noticed Sonja
 15969 | D:13     | Found Pydof's Jewellery Emporium.
 15974 | D:13     | Killed Sonja
 16980 | D:13     | Reached XP level 14. HP: 98/98 MP: 14/14
 16987 | D:13     | Bought a +5 ring of protection for 715 gold pieces
 17140 | D:12     | Reached skill level 13 in Shields
 17611 | D:14     | Noticed a vault guard
 17618 | D:14     | Reached skill level 10 in Fighting
 17621 | D:14     | Killed a vault guard
 17731 | D:14     | Found a gate to the Vaults.
 17775 | D:14     | Got a heavily runed shield
 17786 | D:14     | Identified the cursed +0 shield "Hofed" {Regen+} (You found it on level 14 of the Dungeon)
 17946 | D:13     | Bought the amulet of Roovomey {rCorr MR+ Str+3 Dex+4} for 614 gold pieces
 18055 | Lair:1   | Entered Level 1 of the Lair of Beasts
 18075 | Lair:1   | Reached skill level 10 in Summonings
 19801 | Lair:2   | Reached skill level 1 in Evocations
 20023 | Lair:3   | Gained mutation: You are resistant to hostile enchantments. [potion of beneficial mutation]
 21688 | Lair:4   | Found a staircase to the Swamp.
 22018 | Lair:5   | Reached skill level 10 in Axes
 22272 | Lair:5   | Reached XP level 15. HP: 96/105 MP: 17/17
 22752 | Lair:5   | Reached skill level 14 in Shields
 23640 | Lair:6   | Found a hole to the Spider Nest.
 24262 | Lair:7   | Noticed Nessos
 24394 | Lair:7   | Found a dark tunnel.
 24409 | Volcano  | Entered a volcano
 24772 | Lair:7   | Killed Nessos
 25131 | Lair:8   | Entered Level 8 of the Lair of Beasts
 25318 | Lair:8   | Identified a scroll of acquirement
 25558 | Lair:8   | Reached skill level 5 in Evocations
 25689 | Lair:8   | Found a staircase to the Slime Pits.
 26314 | Swamp:1  | Entered Level 1 of the Swamp
 26669 | Swamp:1  | Killed from afar by a swamp dragon

Vault maps used:
D:1:      saegor_arrival_simple_c, hangedman_decor_peaks_small,
          minmay_misc_feat_hallway
D:2:      minitemple, first_bread, nicolae_tso_carved_into_rock, uniq_natasha,
          uniq_robin
D:3:      minmay_vboxes, uniq_jessica, uniq_iyjb
D:5:      minmay_temple_entry_junction, serial_shops, shop,
          kennysheep_generic_room_12, uniq_blork_the_orc
D:6:      basic_altar
D:7:      basic_altar, serial_corexii_hall, corexii_hall_statues_t,
          corexii_hall_statues_u, corexii_hall_statues_x,
          corexii_hall_statues_i, corexii_hall_statues_l, corexii_hall_statues_t
D:8:      lemuel_slime, xom_teletrap_fun, eino_tiny_chamber, uniq_psyche,
          uniq_erolcha
D:9:      nicolae_overflow_hidden_temple, hex_medium, lightli_minifort
D:10:     erik_orc_3, serial_shops, shop
D:11:     minmay_lair_entry_grove, david_nohive_1
D:12:     serial_shops, shop
D:13:     serial_shops, kennysheep_mini_moat, uniq_sonja
D:14:     david_vaults_5, roderic_lattice_a, minivault_28
Temple:   cyrus_temple_forest_13
Lair:1:   st_stairs_5, serial_bayou_pond_b, grunt_megastairs_5
Lair:2:   serial_bayou_crossing
Lair:4:   swamp_mist_pool, lemuel_fruit_tree
Lair:5:   minivault_26
Lair:6:   dummy_spider_entry, grunt_megastairs_4
Lair:7:   nicolae_volcano_entry_two_sided, uniq_nessos
Lair:8:   grunt_lair_end_beastmaster, dpeg_slime_entry_corner,
          nicolae_lair_yak_garden, lemuel_fruit_fields
Swamp:1:  serial_swamp_ruin, evilmike_swamp_ruin_rubble_1,
          evilmike_swamp_ruin_house_5, evilmike_swamp_ruin_house_2
Orc:1:    mines3_lemuel
Orc:2:    trog_butcher_becter, uniq_harold
Orc:3:    serial_shops, shop, nicolae_shop_statue_plus, shop,
          nicolae_shop_behind_doors, shop, portal_ice_cave_entry_imps,
          nicolae_orc_pool_cavern, rock_pile, uniq_snorg, uniq_rupert
Orc:4:    grunt_orc_gardens, grunt_orc_garden, grunt_orc_garden,
          grunt_orc_garden, grunt_orc_garden, basic_altar, nicolae_orc_rockfall,
          nicolae_orc_lost_temple
Volcano:  volcano_village

Action                   |  1- 3 |  4- 6 |  7- 9 | 10-12 | 13-15 || total
-------------------------+-------+-------+-------+-------+-------++-------
Melee: War axe           |    44 |       |    10 |   429 |  1056 ||  1539
       Dagger            |    20 |   133 |   256 |   365 |       ||   774
       Whip              |       |       |    13 |    45 |       ||    58
       Long sword        |       |       |       |    43 |       ||    43
       Broad axe         |       |       |       |       |   232 ||   232
 Cast: Summon Ice Beast  |       |       |       |       |    15 ||    15
Invok: Call Merchant     |       |       |       |       |     2 ||     2
       Potion Petition   |       |       |       |       |     1 ||     1
 Abil: Evoke Berserk Rag |       |       |       |     6 |    12 ||    18
       Evoke Flight      |       |       |       |     1 |       ||     1
Evoke: Wand              |       |       |     4 |    26 |    66 ||    96
  Use: Potion            |     2 |     1 |     1 |    12 |    10 ||    26
       Scroll            |       |     8 |     2 |    14 |    20 ||    44
 Stab: Sleeping          |     6 |     8 |    10 |     7 |    23 ||    54
       Distracted        |       |       |     1 |     4 |    23 ||    28
       Confused          |       |       |       |     3 |     7 ||    10
       Paralysed         |       |       |       |       |    24 ||    24
  Eat: Chunk             |     1 |     7 |    14 |    18 |       ||    40
       Meat ration       |       |       |     1 |     4 |     7 ||    12
       Fruit             |       |       |     3 |     4 |     2 ||     9
       Pizza             |       |       |     1 |     1 |     1 ||     3
       Beef jerky        |       |       |     1 |     1 |     5 ||     7
       Royal jelly       |       |       |       |       |     7 ||     7
       Bread ration      |       |       |       |       |     2 ||     2
